 Dungeon Crawl Stone Soup version 0.22-b1-59-g0aedee7 (webtiles) character file.

101 Lilu the Conjurer (level 4, -5/24 HPs)
             Began as a Deep Elf Conjurer on Aug 10, 2018.
             Slain by a gnoll
             ... wielding a +0 spear
              (10 damage)
             ... on level 3 of the Dungeon.
             The game lasted 00:05:40 (1997 turns).

Lilu the Conjurer (Deep Elf Conjurer)               Turns: 1997, Time: 00:05:41

Health: -5/24      AC:  2    Str:  6    XL:     4   Next: 48%
Magic:  2/10       EV: 13    Int: 20    God:
Gold:   48         SH:  0    Dex: 15    Spells: 6/9 levels left

rFire    . . .     SeeInvis .   q - +0 blowgun
rCold    . . .     Gourm    .   (no shield)
rNeg     . . .     Faith    .   a - +0 robe
rPois    .         Spirit   .   (no helmet)
rElec    .         Reflect  .   (no cloak)
rCorr    .         Harm     .   (no gloves)
MR       .....                  (no boots)
Stlth    ++........             (no amulet)
HPRegen  0.08/turn              (no ring)
MPRegen  0.12/turn              (no ring)

@: no status effects
A: no striking features
a: no special abilities


You were on level 3 of the Dungeon.
You were not hungry.

You visited 1 branch of the dungeon, and saw 3 of its levels.

You collected 48 gold pieces.

Inventory:

Hand Weapons
 l - a +0 club
 q - a +0 blowgun (weapon)
Missiles
 j - 6 tomahawks
 p - 10 sling bullets
 r - 12 poisoned needles (quivered)
Armour
 a - a +0 robe (worn)
Scrolls
 d - a scroll of teleportation {unknown}
 e - a scroll of enchant armour {unknown}
 f - 2 scrolls of identify {unknown}
 k - 4 scrolls of remove curse {unknown}
 n - a scroll of amnesia {unknown}
Potions
 b - a potion of lignification {unknown}
 g - 2 potions of flight {unknown}
 h - 2 potions of curing {unknown}
 i - 2 potions of cancellation {unknown}
 m - 3 potions of might {unknown}
 o - a potion of berserk rage {unknown}
Comestibles
 c - 3 rations


   Skills:
 - Level 2.4 Dodging
 - Level 2.4 Stealth
 - Level 3.0 Spellcasting
 + Level 6.6 Conjurations


You had 6 spell levels left.
You knew the following spells:

 Your Spells              Type           Power        Failure   Level  Hunger
a - Magic Dart            Conj           ####         1%          1    None
b - Searing Ray           Conj           ####..       1%          2    ##.....

Your spell library contained the following spells:

 Spells                   Type           Power        Failure   Level  Hunger
 Confuse                  Hex            #.......     38%         3    ###....
 Iskenderun's Mystic Bla  Conj           ####....     10%         4    ####...
 Confusing Touch          Hex            #.....       14%         1    None
 Metabolic Englaciation   Hex/Ice        #.........   98%         5    ######.
 Petrify                  Tmut/Erth      #.......     80%         4    ####...
 Fulminant Prism          Conj/Hex       ###.......   36%         4    ####...
 Dazzling Spray           Conj/Hex       ###...       11%         3    ###....
 Force Lance              Conj/Tloc      ###.....     36%         4    ####...
 Gell's Gravitas          Tloc           #.........   38%         3    ###....
 Yara's Violent Unravell  Hex/Tmut       #.........   98%         5    ######.


Dungeon Overview and Level Annotations

Branches:
Dungeon (3/15)

Altars:


Message History

The gnoll hits you from afar with a spear.
Casting: Searing Ray (safe; 1% risk of failure)
Confirm with . or Enter, or press ? or * to list all spells.
Aiming: Searing Ray (safe; 1% risk of failure)
Press: ? - help, Shift-Dir - straight line, f - gnoll
Aim: a gnoll, wielding a club The searing ray hits the gnoll.
The gnoll is heavily wounded. (Press . to maintain the ray.)
The gnoll closely misses you.
The gnoll hits you from afar with a spear.
The searing ray hits the gnoll.
The gnoll is almost dead.
The gnoll hits you with a club.
* * * LOW HITPOINT WARNING * * *
The gnoll barely misses you.
The searing ray hits the gnoll.
You kill the gnoll!
The gnoll hits you from afar with a spear!
You die...

........#.##...#.#
.................#
..... .....#.###.#
##. #.##...###.#
#..........#
####.####g# #.#
#g# #<# #)#
#.####@# #......#
#....#.# ####.###
#.# #.# #.# #.#
...


You could see 2 gnolls.

Vanquished Creatures
  3 adders
  A gnoll (D:3)
  An ooze (D:1)
  3 worms (D:2)
  4 dart slugs (D:1)
  2 giant cockroaches (D:1)
  4 goblins (D:1)
  6 hobgoblins
  2 jackals (D:2)
  5 kobolds
  7 bats
  2 frilled lizards
  6 rats
46 creatures vanquished.

Notes
Turn   | Place    | Note
-------+----------+-------------------------------------------
     0 | D:1      | Lilu the Deep Elf Conjurer began the quest for the Orb.
     0 | D:1      | Reached XP level 1. HP: 10/10 MP: 6/6
   128 | D:1      | Reached XP level 2. HP: 15/15 MP: 2/8
   132 | D:1      | Learned a level 2 spell: Searing Ray
   187 | D:1      | Reached skill level 5 in Conjurations
   517 | D:1      | Reached XP level 3. HP: 19/19 MP: 4/9
  1281 | D:2      | Reached skill level 6 in Conjurations
  1475 | D:2      | Reached XP level 4. HP: 23/24 MP: 5/10
  1997 | D:3      | Slain by a gnoll

Skill      XL: |  1  2  3 |
---------------+----------+-----
Conjurations   | 5 6 |  6.6
Dodging        | |  2.4
Stealth        | |  2.4
Spellcasting   | |  3.0

Action                   |  1- 3 |  4- 6 || total
-------------------------+-------+-------++-------
Melee: Club              |     4 |       ||     4
 Fire: Blowgun           |       |     1 ||     1
 Cast: Magic Dart        |    75 |     4 ||    79
       Searing Ray       |     4 |     5 ||     9
  Eat: Chunk             |     1 |       ||     1
       Ration            |       |     1 ||     1
Armor: Robe              |     4 |     3 ||     7
Dodge: Dodged            |    10 |     7 ||    17
